 Dungeon Crawl Stone Soup version 0.22-a0-558-gc224181 (webtiles) character file.

127 iamserjio the Chopper (level 5, -2/32 HPs)
             Began as a Gargoyle Fighter on June 26, 2018.
             Killed from afar by an orc wizard (3 damage)
             ... with a puff of frost
             ... on level 3 of the Dungeon.
             The game lasted 00:01:57 (297 turns).

iamserjio the Chopper (Gargoyle Fighter)             Turns: 297, Time: 00:01:58

Health: -2/32      AC: 10    Str: 20    XL:     5   Next: 11%
Magic:  5/5        EV:  7    Int:  8    God:
Gold:   22         SH:  9    Dex: 10    Spells: 4/4 levels left

rFire    . . .     SeeInvis .   a - +0 war axe
rCold    . . .     Gourm    .   c - +0 shield
rNeg     + . .     Faith    .   b - +0 scale mail
rPois    ∞         Spirit   .   (no helmet)
rElec    +         Reflect  .   (no cloak)
rCorr    .         Harm     .   (no gloves)
MR       .....                  (no boots)
Stlth    ..........             (no amulet)
HPRegen  0.10/turn              (no ring)
MPRegen  0.09/turn              (no ring)

@: slowed, very slow
A: negative energy resistance 1, electricity resistance, unbreathing,
petrification resistance, rot immunity, AC +4
a: no special abilities


You were on level 3 of the Dungeon.
You were not hungry.

You visited 1 branch of the dungeon, and saw 3 of its levels.

You collected 22 gold pieces.

Inventory:

Hand Weapons
 a - a +0 war axe (weapon)
Armour
 b - a +0 scale mail (worn)
 c - a +0 shield (worn)
 e - a cursed -2 robe
Jewellery
 g - an uncursed amulet of magic regeneration {unknown}
Potions
 d - a potion of might
Comestibles
 f - 2 rations


   Skills:
 - Level 3.2 Fighting
 + Level 4.6 Axes
 - Level 3.2 Armour
 - Level 3.2 Shields


You had 4 spell levels left.
You didn't know any spells.
Your spell library was empty.

Dungeon Overview and Level Annotations

Branches:
Dungeon (3/15)

Altars:


Innate Abilities, Weirdness & Mutations

You are resistant to torment.
Your stone body is resilient. (AC +4)
You are immune to poison.
You resist negative energy. (rN+)
You are resistant to electric shocks. (rElec)
You can survive without breathing.
You are immune to petrification.
You are immune to rotting.


Message History

You miss the orc wizard.
The orc wizard is heavily wounded.
You hit the kobold. You block the kobold's attack.
The orc wizard barely misses you. The kobold hits you but does no damage.
The orc wizard hits you but does no damage.
Your scale mail prevents you from hitting the orc wizard.
The orc wizard is heavily wounded.
You hit the kobold but do no damage. The kobold barely misses you.
The orc wizard hits you with a dagger.
* * * LOW HITPOINT WARNING * * *
The kobold hits you but does no damage.
The orc wizard gestures at you while chanting.
The puff of flame hits you!
* * * LOW HITPOINT WARNING * * *
You barely miss the orc wizard.
The orc wizard is heavily wounded.
You miss the kobold. The kobold hits you but does no damage.
The orc wizard points at you and mumbles some strange words.
The puff of frost hits you!
You die...

#. #.# #.##..# #.##.#
.#.###.# #[##.#
###.#.# #.. ####.##.#
#...#.# #.#
........###.###.###.#
#.................
#............#.#.#
#o†#####.##......#
#@)# #.##.##.### #)K#
...#.##.# #....
..#...##.# ##..###.
.####.# #..# ## ##
#.# #..# #..# ...


You could see an orc wizard and a kobold.

Vanquished Creatures
  An orc wizard (D:3)
  Jessica (D:2)
  Terence (D:3)
  2 adders
  An ooze (D:2)
  A leopard gecko (D:2)
  3 orcs
  2 giant cockroaches
  4 hobgoblins
  A kobold (D:1)
  5 bats
  A frilled lizard (D:3)
  A goblin (D:2)
  A rat (D:2)
25 creatures vanquished.

Notes
Turn   | Place    | Note
-------+----------+-------------------------------------------
     0 | D:1      | iamserjio the Gargoyle Fighter began the quest for the Orb.
     0 | D:1      | Reached XP level 1. HP: 14/14 MP: 1/1
    24 | D:1      | Reached skill level 2 in Axes
    60 | D:2      | Reached XP level 2. HP: 18/19 MP: 2/2
   139 | D:2      | Reached skill level 3 in Axes
   176 | D:2      | Reached XP level 3. HP: 21/23 MP: 3/3
   203 | D:2      | Noticed Jessica
   209 | D:2      | Killed Jessica
   216 | D:2      | Reached XP level 4. HP: 26/28 MP: 4/4
   231 | D:3      | Noticed Terence
   238 | D:3      | Killed Terence
   238 | D:3      | Reached skill level 4 in Axes
   291 | D:3      | Reached XP level 5. HP: 11/32 MP: 5/5
   296 | D:3      | HP: 1/32 [orc wizard/puff of flame (4)]
   297 | D:3      | Killed from afar by an orc wizard

Vault maps used:
D:1:      lightli_molten_gateway
D:2:      uniq_jessica
D:3:      elyvilon_altar_5, uniq_terence

Skill      XL: |  1  2  3  4 |
---------------+-------------+-----
Axes           | 2 3 4 |  4.6
Fighting       | |  3.2
Armour         | |  3.2
Shields        | |  3.2

Action                   |  1- 3 |  4- 6 || total
-------------------------+-------+-------++-------
Melee: War axe           |    76 |    44 ||   120
Armor: Scale mail        |    46 |    29 ||    75
Dodge: Dodged            |    30 |    18 ||    48
Block: Shield            |    43 |    33 ||    76

Table legend:
 A = Spawn XP
 B = Non-spawn XP
 C = Spawn XP percentage of total XP
 D = Spawn monster count
 E = Non-spawn monster count
 F = Spawn count percentage of total count
 G = Total turns spent on level
                    A         B        C        D         E        F      G
               +---------+---------+-------+---------+---------+-------+---------
         Total |       0 |     182 |   0.0 |       0 |      25 |   0.0 |   297
               +---------+---------+-------+---------+---------+-------+---------
           D:1 |       0 |       5 |   0.0 |       0 |       3 |   0.0 |    47
           D:2 |       0 |      79 |   0.0 |       0 |      15 |   0.0 |   181
           D:3 |       0 |      98 |   0.0 |       0 |       7 |   0.0 |    69
               +---------+---------+-------+---------+---------+-------+---------
